AoeStats
← SeductiveSloth

Hideout

508162287Analyzed
1v1 RM · 13d ago on Sep 21, 2026· 23m 4s· 2 players
Game mode
Random Map
Map size
Tiny (2 player)
Population
200
Speed
Normal
Resources
Standard
Victory
Conquest
Starting age
Dark Age
Ending age
Imperial Age
RankedLock teamsTeams togetherTeam positionsShared explorationLock speedFull tech treeHidden civsTurbo modeCheats
Victory
Defeat
🇲🇽 Bulgarians · Mexico
1230
+15
🇦🇺 Vietnamese · Australia
1215
-15
SeductiveSloth
11:36 Feudal Age
12:46 Loom
16:29 Castle Age
18:02 Fletching
F001
9:32 Feudal Age
10:01 Arson
12:16 Horse Collar
20:08 Castle Age
17:58 Loom
20:55 Castle Age
19:22 Fletching
19:34 Double-Bit Axe
20:26 Scale Mail Armor
20:32 Gold Mining
22:02 Squires
Connection lost

Rejoining the realm…

Still unreachable

The connection could not be restored.

Session expired

The server has moved on; the page needs a fresh start.